 Dungeon Crawl Stone Soup version 0.21.1-1-g345015fe64 (webtiles) character file.

5407 ctair the Thaumaturge (level 10, -8/50 HPs)
             Began as a Deep Elf Wizard on Apr 23, 2018.
             Was an Initiate of Vehumet.
             Mangled by a yak (11 damage)
             ... in an ice cave on Apr 24, 2018.
             The game lasted 00:51:52 (10745 turns).

ctair the Thaumaturge (Deep Elf Wizard)            Turns: 10745, Time: 00:51:54

Health: -8/50      AC:  4    Str:  6    XL:     10   Next: 40%
Magic:  4/27       EV: 15    Int: 25    God:    Vehumet [......]
Gold:   430        SH:  0    Dex: 11    Spells: 21/32 levels left

rFire    . . .     SeeInvis .   n - +4 quarterstaff (chaos)
rCold    + . .     Gourm    .   (shield currently unavailable)
rNeg     + . .     Faith    .   a - +0 robe
rPois    .         Spirit   .   b - +1 hat
rElec    .         Reflect  .   o - +0 cloak
rCorr    .         Harm     .   (no gloves)
MR       +....                  (no boots)
Stlth    ++++......             (no amulet)
HPRegen  0.16/turn              u - ring of positive energy
MPRegen  0.20/turn              A - ring of protection from cold

@: no status effects
A: talons 1, clumsy 1
a: Renounce Religion


You were in an ice cave.
You worshipped Vehumet.
Vehumet was noncommittal.
You were not hungry.

You visited 3 branches of the dungeon, and saw 11 of its levels.
You also visited: Ossuary and Ice Cave.

You collected 430 gold pieces.

Inventory:

Hand Weapons
 n - a +4 quarterstaff of chaos (weapon)
Armour
 a - a +0 robe (worn)
 b - a +1 hat (worn)
 o - a +0 cloak (worn)
 s - a +0 buckler
Jewellery
 u - a ring of positive energy (left hand)
 A - a ring of protection from cold (right hand)
Wands
 j - a wand of iceblast (10)
 q - a wand of scattershot (5)
Scrolls
 e - 2 scrolls of enchant weapon
 i - 4 scrolls of enchant armour
 k - 8 scrolls of identify
 l - 7 scrolls of remove curse
 p - 2 scrolls of magic mapping
 y - a scroll of fog
 z - 2 scrolls of teleportation
 B - a scroll of blinking
Potions
 f - a potion of flight
 h - a potion of heal wounds
 m - 3 potions of haste
 r - a potion of degeneration {unknown}
 w - a potion of agility
 x - a potion of invisibility
Books
 c - a book of Minor Magic

   Spells                             Type                      Level
   a - Magic Dart                     Conjuration                  1
   b - Blink                          Translocation                2
   c - Call Imp                       Summoning                    2
   d - Slow                           Hexes                        2
   e - Conjure Flame                  Conjuration/Fire             3
   f - Mephitic Cloud                 Conjuration/Poison/Air       3
Comestibles
 d - 21 rations


   Skills:
 + Level 7.4 Dodging
 + Level 8.1 Stealth
 * Level 11.7 Spellcasting
 * Level 9.3 Conjurations
 - Level 1.1 Summonings
 - Level 1.1 Translocations
 * Level 5.5 Fire Magic


You had 21 spell levels left.
You knew the following spells:

 Your Spells              Type           Power        Failure   Level  Hunger
a - Magic Dart            Conj           ####         1%          1    None
b - Blink                 Tloc           N/A          4%          2    None
c - Call Imp              Summ           ###.....     4%          2    None
d - Conjure Flame         Conj/Fire      ######..     1%          3    None
e - Mephitic Cloud        Conj/Pois/Air  ####....     3%          3    None


Dungeon Overview and Level Annotations

Branches:
Dungeon (9/15)             Temple (1/1) D:7            Lair (1/6) D:9
    Orc: D:9-12

Altars:
Ashenzari
Cheibriados
Dithmenos
Elyvilon
Fedhas
Gozag
Hepliaklqana
Kikubaaqudgha
Makhleb
Nemelex Xobeh
Okawaru
Qazlal
Ru
Sif Muna
Trog
Uskayaw
Vehumet
Wu Jian
Xom
Yredelemnul
Zin
The Shining One


Innate Abilities, Weirdness & Mutations

You have sharp toenails.
You are clumsy. (Dex -2)


Message History

Confirm with . or Enter, or press ? or * to list all spells.
A beastly little devil appears in a puff of frigid air.
The wolf bites your white imp. The wolf bites your white imp!
Your white imp gestures at the wolf.
The puff of frost hits the wolf.
The wolf dies!
Vehumet accepts your kill. The yak misses you. The wolf bites your white imp.
The polar bear closely misses you. The polar bear claws you.
* * * LOW HITPOINT WARNING * * *
The polar bear claws you.
* * * LOW HITPOINT WARNING * * *
A polar bear comes into view.
Casting: Call Imp
Confirm with . or Enter, or press ? or * to list all spells.
You blink.
The wolf bites you!
* * * LOW HITPOINT WARNING * * *
Your white imp gestures at the wolf.
The puff of frost hits the wolf.
The yak gores you!
You die...

#### ### ##..##
##..##§5..##
#....h.Yh..#
#.......h@∩.#
#.h..##...h...#
##.. ###..5§##
## ##..## ####


You could see a polar bear, a yak, 3 wolves and 2 friendly white imps.

Vanquished Creatures
  The ghost of Toogi the Destroyer, a journeyman HuCj of Ashenzari (Lair:1)
  Psyche (D:9)
  A troll (D:9)
  4 hornets (D:8)
  A hippogriff (D:8)
  Prince Ribbit (D:9)
  A water moccasin (D:5)
  4 ice beasts
  A necrophage (D:7)
  A centaur (D:7)
  4 ogres
  2 big kobolds (D:8)
  An elf zombie (Ossuary)
  7 bullfrogs
  3 scorpions
  A howler monkey (D:7)
  4 crimson imps
  A centaur zombie (Ossuary)
  Crazy Yiuf (D:2)
  5 hounds
  An orc priest (D:7)
  A human zombie (Ossuary)
  A centaur skeleton (D:9)
  3 iguanas
  4 orc wizards
  7 worker ants
  A killer bee zombie (D:5)
  2 big kobold zombies (Ossuary)
  3 hound zombies (Ossuary)
  3 mummies (Ossuary)
  8 adders
  7 gnolls
  A shadow imp (D:6)
  3 adder zombies
  3 worms
  A dart slug (D:1)
  3 leopard geckos
  16 orcs
  3 ball pythons
  3 giant cockroaches
  3 goblins
  9 hobgoblins
  7 jackals
  12 kobolds
  9 quokkas
  11 bats
  9 frilled lizards
  A gnoll zombie (Ossuary)
  5 goblin zombies (Ossuary)
  6 hobgoblin zombies
  3 jackal zombies
  2 kobold zombies (Ossuary)
  A leopard gecko skeleton (D:6)
  3 orc zombies (Ossuary)
  A quokka zombie (Ossuary)
  10 rats
  6 rat zombies (Ossuary)
  A fungus (D:9)
218 creatures vanquished.

Vanquished Creatures (collateral kills)
  A wolf (IceCv)
  A human zombie (Ossuary)
  A kobold (D:2)
3 creatures vanquished.

Grand Total: 221 creatures vanquished

Notes
Turn   | Place    | Note
-------+----------+-------------------------------------------
     0 | D:1      | ctair the Deep Elf Wizard began the quest for the Orb.
     0 | D:1      | Reached XP level 1. HP: 10/10 MP: 7/7
   187 | D:1      | Reached XP level 2. HP: 15/15 MP: 4/9
   746 | D:2      | Reached skill level 5 in Spellcasting
   897 | D:2      | Reached XP level 3. HP: 19/19 MP: 8/11
   901 | D:2      | Learned a level 2 spell: Blink
   904 | D:2      | Learned a level 2 spell: Call Imp
   908 | D:2      | Learned a level 3 spell: Conjure Flame
  1215 | D:2      | Found a runed door.
  1492 | D:2      | Noticed Crazy Yiuf
  1502 | D:2      | Killed Crazy Yiuf
  1502 | D:2      | Reached XP level 4. HP: 24/24 MP: 2/13
  1759 | D:3      | Learned a level 3 spell: Mephitic Cloud
  2127 | D:3      | Reached XP level 5. HP: 28/28 MP: 10/15
  2327 | D:3      | Reached skill level 6 in Spellcasting
  2621 | D:4      | Noticed an ogre
  2640 | D:4      | Killed an ogre
  2640 | D:4      | Reached XP level 6. HP: 30/32 MP: 4/17
  2907 | D:5      | Entered Level 5 of the Dungeon
  2927 | D:5      | Noticed an ice beast
  3044 | D:5      | Killed an ice beast
  3098 | D:5      | Reached skill level 7 in Spellcasting
  3139 | D:5      | Found a sand-covered staircase.
  3182 | Ossuary  | Entered an ossuary
  3509 | Ossuary  | Reached XP level 7. HP: 27/36 MP: 11/19
  3968 | Ossuary  | Reached skill level 5 in Conjurations
  4420 | D:5      | Reached skill level 5 in Stealth
  4495 | D:5      | Found a shattered altar of Ashenzari.
  4638 | D:5      | Reached skill level 8 in Spellcasting
  4886 | D:5      | Reached skill level 5 in Dodging
  4886 | D:5      | Reached XP level 8. HP: 41/41 MP: 13/22
  5322 | D:6      | Reached skill level 9 in Spellcasting
  6124 | D:7      | Gained mutation: You are clumsy. (Dex -2) [potion of mutation]
  6124 | D:7      | Gained mutation: You have sharp toenails. [potion of mutation]
  6784 | D:7      | Found a burning altar of Makhleb.
  6892 | D:7      | Reached XP level 9. HP: 38/44 MP: 14/24
  6906 | D:7      | Reached skill level 10 in Spellcasting
  7024 | D:7      | Found a staircase to the Ecumenical Temple.
  7033 | Temple   | Entered the Ecumenical Temple
  7057 | Temple   | Became a worshipper of Vehumet
  7136 | D:7      | Reached skill level 1 in Fire Magic
  8429 | D:8      | Reached skill level 11 in Spellcasting
  8588 | D:8      | Noticed Prince Ribbit
  8968 | D:8      | Found a glowing golden altar of the Shining One.
  9359 | D:9      | Reached XP level 10. HP: 21/50 MP: 12/27
 10117 | D:9      | Killed Prince Ribbit
 10147 | D:9      | Found a staircase to the Lair.
 10274 | D:9      | Noticed Psyche
 10289 | D:9      | Killed Psyche
 10289 | D:9      | Reached skill level 5 in Fire Magic
 10622 | Lair:1   | Entered Level 1 of the Lair of Beasts
 10669 | Lair:1   | Noticed Toogi's ghost (journeyman HuCj)
 10690 | Lair:1   | Killed Toogi's ghost
 10702 | Lair:1   | Found a frozen archway.
 10729 | IceCv    | Entered an ice cave
 10745 | IceCv    | Mangled by a yak

Skill      XL: |  1  2  3  4  5  6  7  8  9 10 |
---------------+-------------------------------+-----
Spellcasting   | 5 6 7 8 9 11 | 11.7
Conjurations   | 2 3 4 5 7 8 9 |  9.3
Stealth        | 3 4 5 6 7 8 |  8.1
Dodging        | 3 4 5 6 7 |  7.4
Fire Magic     | 4 5 |  5.5
Summonings     | |  1.1
Translocations | |  1.1

Action                   |  1- 3 |  4- 6 |  7- 9 | 10-12 || total
-------------------------+-------+-------+-------+-------++-------
Melee: Unarmed           |     2 |       |       |       ||     2
       Quarterstaff      |       |     9 |    26 |     5 ||    40
       Kick              |       |       |     1 |     2 ||     3
 Cast: Magic Dart        |    99 |   194 |   472 |    91 ||   856
       Call Imp          |     3 |     3 |     2 |     4 ||    12
       Conjure Flame     |     2 |     2 |    19 |     7 ||    30
       Blink             |     1 |       |     3 |    13 ||    17
       Mephitic Cloud    |       |     1 |     3 |       ||     4
  Use: Scroll            |       |     5 |     4 |     3 ||    12
       Potion            |       |       |    13 |     1 ||    14
  Eat: Chunk             |     1 |     6 |     7 |     1 ||    15
       Ration            |       |     1 |     3 |     1 ||     5
Armor: Robe              |     5 |    12 |    18 |     3 ||    38
Dodge: Dodged            |    26 |    39 |    92 |    19 ||   176
